 Dungeon Crawl Stone Soup version 0.31-a0-977-gc230f8ef24 (webtiles) character file.

Game seed: 4216693095374729224

56631 Armakuni the Scorcher (level 14, -46/93 HPs)
             Began as a Green Draconian Conjurer on Oct 29, 2023.
             Was a High Priest of Vehumet.
             Killed from afar by a war gargoyle (56 damage)
             ... with a spray of metal splinters
             ... on level 10 of the Dungeon.
             The game lasted 00:51:21 (20891 turns).

Armakuni the Scorcher (Green Draconian Conjurer)   Turns: 20891, Time: 00:51:22

Health: -46/93     AC: 14    Str: 10    XL:     14   Next: 42%
Magic:  14/28      EV: 12    Int: 29    God:    Vehumet [*****.]
Gold:   1771       SH:  0    Dex: 10    Spells: 3/33 levels left

rFire   + . .        b - +2 dagger (venom)
rCold   . . .        (no shield)
rNeg    + . .        (body armour unavailable)
rPois   +            (helmet restricted)
rElec   .            g - +2 cloak {Will+}
rCorr   .            d - +0 pair of gloves
SInv    .            i - +1 pair of boots
Will    ++...        N - macabre finger necklace {Finger+ rN+}
Stlth   ++           F - ring of protection from fire
HPRegen 0.35/turn    I - +6 ring of intelligence
MPRegen 0.21/turn    (no ring)

%: no passive effects
@: no status effects
A: breathe noxious fumes, AC +8, unfitting armour, stinger 1, poison resistance,
cold-blooded
a: Breathe Noxious Fumes, Renounce Religion


You were on level 10 of the Dungeon.
You worshipped Vehumet.
Vehumet was extremely pleased with you.
You visited 3 branches of the dungeon, and saw 16 of its levels.
You also visited: Bailey.

You collected 2226 gold pieces.
You spent 455 gold pieces at shops.

Inventory:

Hand Weapons
 a - a +2 short sword of electrocution
 b - a +2 dagger of venom (weapon)
 k - a +3 quarterstaff of chaos
 o - a +2 demon trident of electrocution
Missiles
 z - 4 curare-tipped darts
Armour
 d - a +0 pair of gloves (worn)
 g - a +2 cloak of willpower (worn)
 i - a +1 pair of boots (worn)
Jewellery
 F - a ring of protection from fire (left hand)
 I - a +6 ring of intelligence (right hand)
 N - the macabre finger necklace (around neck) {Finger+ rN+}
   (You found it on level 5 of the Lair of Beasts)

   [amulet of nothing]

   Finger+:   It enables you to equip an extra ring.
   rN+:       It protects you from negative energy.
Wands
 p - a wand of paralysis (15)
 x - a wand of flame (13)
 B - a wand of iceblast (6)
 C - a wand of mindburst (2)
 K - a wand of quicksilver (3)
Scrolls
 e - 4 scrolls of vulnerability
 f - 3 scrolls of revelation
 j - 2 scrolls of enchant weapon
 u - a scroll of enchant armour
 D - 4 scrolls of fog
 E - a scroll of immolation
 G - a scroll of poison
 J - a scroll of amnesia
 L - a scroll of blinking
 M - a scroll of silence
 X - a scroll of brand weapon
Potions
 c - a potion of cancellation
 h - 3 potions of heal wounds
 l - 2 potions of mutation
 m - 8 potions of enlightenment
 n - 7 potions of curing
 r - 2 potions of resistance
 s - 3 potions of haste
 v - a potion of brilliance
 y - a potion of might
 A - a potion of ambrosia {unknown}
 H - a potion of invisibility {unknown}
 O - a potion of attraction
Miscellaneous
 t - a tin of tremorstones (inert)


   Skills:
 - Level 1.7 Dodging
 - Level 1.7 Stealth
 - Level 10.0 Spellcasting
 - Level 12.8 Conjurations
 + Level 19.7 Fire Magic


You had 3 spell levels left.
You knew the following spells:

 Your Spells              Type           Power      Damage    Failure   Level
i - Ignition              Fire           46%        3d13      2%          8
j - Freezing Cloud        Conj/Ice/Air   19%        6-21      5%          5
m - Iskenderun's Mystic   Conj/Tloc      51%        2d11      1%          4
o - Orb of Destruction    Conj           36%        9d11      4%          7
s - Sticky Flame          Conj/Fire      83%        2d9       1%          4
z - Searing Ray           Conj           100%       2d8       1%          2

Your spell library contained the following spells:

 Spells                   Type           Power      Damage    Failure   Level
 Yara's Violent Unravell  Hex/Tmut       7%         3d5       26%         5
 Magic Dart               Conj           100%       1d8       0%          1
 Freeze                   Ice            56%        1d7       1%          1
 Poisonous Vapours        Pois/Air       28%        N/A       1%          2
 Dazzling Flash           Conj/Hex       100%       N/A       1%          3
 Hailstorm                Conj/Ice       51%        3d11      1%          3
 Ignite Poison            Fire/Tmut/Pois 51%        N/A       1%          3
 Necrotise                Necr           56%        1d6       3%          1
 Sting                    Tmut/Pois      56%        1d5       3%          1
 Summon Small Mammal      Summ           56%        N/A       3%          1
 Frozen Ramparts          Ice            28%        1d5       3%          3
 Ensorcelled Hibernation  Hex/Ice        28%        N/A       5%          2
 Jinxbite                 Hex            28%        N/A       5%          2
 Passwall                 Tmut/Erth      11%        N/A       5%          2
 Call Canine Familiar     Summ           14%        N/A       11%         3
 Summon Guardian Golem    Hex/Summ       14%        N/A       11%         3
 Swiftness                Air            14%        N/A       11%         3
 Vampiric Draining        Necr           14%        2d7       11%         3
 Fulminant Prism          Conj/Hex       25%        3d14      1%          4
 Olgreb's Toxic Radiance  Pois           14%        N/A       11%         4
 Anguish                  Hex/Necr       7%         N/A       36%         4
 Agony                    Necr           14%        N/A       71%         5
 Fire Storm               Conj/Fire      41%        8d11      71%         9
 Chain Lightning          Conj/Air       25%        3d34      100%        9
 Shatter                  Erth           7%         3d9*      100%        9


Dungeon Overview and Level Annotations

Branches:
Dungeon (10/15)            Temple (1/1) D:4            Lair (5/5) D:9
  Swamp (0/4) Lair:2       Spider (0/4) Lair:3        Slime (0/5) Lair:4
 Bailey (visited)
    Orc: D:9-12

Altars:
Ashenzari
Cheibriados
Dithmenos
Elyvilon
Fedhas
Gozag
Hepliaklqana
Kikubaaqudgha
Makhleb
Nemelex Xobeh
Okawaru
Qazlal
Ru
Sif Muna
Trog
Uskayaw
Vehumet
Wu Jian
Xom
Yredelemnul
Zin
The Shining One

Shops:
D:4 *   D:6 [   D:8 *

Portals:
Hell: Lair:5

Annotations:
Lair:2 2 transporters, Chipwarrior's ghost, journeyman DrAE


Innate Abilities, Weirdness & Mutations

You can breathe blasts of noxious fumes.
Your lurid green scales are hard. (AC +8)
You cannot fit into any form of body armour.
Your tail ends in a venomous barb.
Your system is resistant to poisons. (rPois)
You are cold-blooded and may be slowed by cold attacks.


Message History

The wolf howls!
You hear a loud, deep croak!
You hear an angry hiss.
There is an open door here.
There is a stone staircase leading up here.
You climb upwards.
There is a stone staircase leading down here.
There is a staircase back to the Dungeon here.
You see here an amulet of faith.
You drop the +1 cloak of Starlight {*Dazzle EV+4 Stlth--}.
You drop a maw talisman.
There is a staircase back to the Dungeon here.
Things that are here:
a maw talisman; the +1 cloak of Starlight {*Dazzle EV+4 Stlth--}; an amulet of faith Search for what [? for help]? staff You climb upwards.
Welcome back to the Dungeon!
There is a staircase to the Lair here.
There is an open door here.
There is a stone staircase leading down here.
You climb downwards.
The war gargoyle launches metal splinters at you.
The spray of metal splinters hits you!!!
There is a stone staircase leading up here.
Casting: Orb of Destruction (dangerous; 4% risk of failure)
Confirm with . or Enter, or press ? or * to list all spells.
Aiming: Orb of Destruction (dangerous; 4% risk of failure)
Press: ? - help, Shift-Dir - straight line, f - war gargoyle
Aim: a war gargoyle, wielding a +0 dire flail (catching its breath)
The orb of destruction hits the war gargoyle!!!
The war gargoyle is almost destroyed.
The war gargoyle launches metal splinters at you.
The spray of metal splinters hits you!!!
* * * LOW HITPOINT WARNING * * *
Casting: Orb of Destruction (dangerous; 4% risk of failure)
Confirm with . or Enter, or press ? or * to list all spells.
Aiming: Orb of Destruction (dangerous; 4% risk of failure)
Press: ? - help, Shift-Dir - straight line, f/p - war gargoyle
Aim: a war gargoyle, wielding a +0 dire flail (almost destroyed)
The war gargoyle launches metal splinters at you.
The spray of metal splinters hits you!!!
Ouch! That really hurt!
You die...

#........##.....######.###
# #............#### ##
.##.............#
..#............##
..............#
.............9########.
(............○........
......#####.*..>.....
..... #..@.####. ...
##..## .. ##.. ...# ....
...... ....... #.......


You could see a war gargoyle (catching breath, ally target).

Vanquished Creatures
  Kirke (Lair:4)
  Josephine (Lair:5)
  4 hydras
  3 boulder beetles
  2 two-headed ogres
  A tengu warrior (D:8)
  13 death yaks
  Sonja (Lair:1)
  A sixfirhy (Lair:5)
  An arcanist (Lair:5)
  A lindwurm (Lair:5)
  7 black mambas
  A black mamba (shapeshifter) (D:8)
  15 elephants
  2 orange demons (Lair:5)
  2 gargoyles
  A smoke demon (Lair:5)
  An unseen horror (D:10)
  4 rime drakes
  15 cane toads
  7 komodo dragons
  2 ice devils (Lair:5)
  A red devil (Lair:5)
  7 polar bears
  A troll (D:9)
  A hornet (D:8)
  Prince Ribbit (D:5)
  13 blink frogs
  A slime creature (D:8)
  A shadow (D:9)
  Sigmund (D:2)
  45 yaks
  3 wraiths (Lair:5)
  3 wyverns
  A steam dragon (D:9)
  2 hogs (Lair:4)
  4 basilisks
  3 acid dragons
  4 hell hounds (Lair:5)
  16 water moccasins
  5 black bears
  5 ice beasts
  A sky beast (D:8)
  7 orc warriors
  3 ogres (D:6)
  22 wolves
  2 centaurs (D:9)
  A phantom (D:4)
  2 gnoll sergeants
  13 bullfrogs
  2 scorpions
  4 wights (D:8)
  9 killer bees
  3 electric eels
  4 howler monkeys
  3 hounds
  3 gnoll boudas
  Crazy Yiuf (D:2)
  4 orc priests
  3 jellies
  A sleepcap (D:7)
  5 iguanas
  3 orc wizards
  7 adders
  26 gnolls
  A shadow imp (D:8)
  A white imp (D:8)
  3 dart slugs
  38 orcs
  3 bats
  9 endoplasms
  A giant cockroach (D:2)
  10 goblins
  12 hobgoblins
  3 jackals (D:2)
  21 kobolds
  2 quokkas
  3 ball pythons
  3 frilled lizards
  5 rats
448 creatures vanquished.

Notes
Turn   | Place    | Note
-------+----------+-------------------------------------------
     0 | D:1      | Armakuni the Draconian Conjurer began the quest for the
                  | Orb.
     0 | D:1      | Reached XP level 1. HP: 14/14 MP: 3/3
   454 | D:1      | Reached XP level 2. HP: 20/20 MP: 1/5
   500 | D:1      | Learned a level 2 spell: Searing Ray
  1360 | D:2      | Reached XP level 3. HP: 26/26 MP: 0/6
  1591 | D:2      | Found a faded altar of an unknown god.
  1690 | D:2      | Found a runed translucent door.
  1691 | D:2      | Noticed Crazy Yiuf
  1745 | D:2      | Found a glowing golden altar of the Shining One.
  1788 | D:2      | Reached skill level 5 in Conjurations
  2047 | D:2      | Reached XP level 4. HP: 33/33 MP: 3/8
  2121 | D:2      | Noticed Sigmund
  2310 | D:2      | Killed Sigmund
  2311 | D:2      | Reached XP level 5. HP: 38/38 MP: 1/10
  2878 | D:2      | Killed Crazy Yiuf
  2879 | D:2      | Reached XP level 6. HP: 16/45 MP: 4/11
  3184 | D:3      | Found a stormy altar of Qazlal.
  4023 | D:4      | Found Horupp's General Store.
  4088 | D:4      | Found a staircase to the Ecumenical Temple.
  4097 | Temple   | Entered the Ecumenical Temple
  4146 | D:4      | Learned a level 4 spell: Iskenderun's Mystic Blast
  4482 | D:5      | Entered Level 5 of the Dungeon
  4529 | D:5      | Found a sacrificial altar of Ru.
  4683 | D:5      | Your scales start taking on a lurid green colour.
  4683 | D:5      | Reached XP level 7. HP: 50/50 MP: 7/13
  4683 | D:5      | Gained mutation: Your system is resistant to poisons.
                  | (rPois) [Green Draconian growth]
  4823 | D:5      | Noticed Prince Ribbit
  4838 | D:5      | Killed Prince Ribbit
  5156 | D:5      | Found a blossoming altar of Fedhas.
  5157 | D:5      | Found a basalt altar of Yredelemnul.
  5157 | D:5      | Found a white marble altar of Elyvilon.
  5188 | D:5      | Found a radiant altar of Vehumet.
  5221 | D:5      | Noticed a wyvern
  5243 | D:5      | Killed a wyvern
  5244 | D:5      | Reached skill level 5 in Spellcasting
  5302 | D:5      | Became a worshipper of Vehumet
  5474 | D:6      | Found Riuliasemm's Antique Armour Shop.
  5584 | D:4      | Bought the +1 cloak of Starlight {*Dazzle EV+4 Stlth--} for
                  | 335 gold pieces
  5584 | D:4      | Found the +1 cloak of Starlight {*Dazzle EV+4 Stlth--}
  5690 | D:6      | Reached XP level 8. HP: 47/57 MP: 5/15
  6480 | D:6      | Found a shadowy altar of Dithmenos.
  6640 | D:6      | Found a hazy altar of Hepliaklqana.
  6772 | D:7      | Reached skill level 10 in Conjurations
  6786 | D:7      | Learned a level 4 spell: Sticky Flame
  6979 | D:7      | Found a shimmering altar of Xom.
  6996 | D:7      | Reached XP level 9. HP: 59/62 MP: 15/19
  6997 | D:7      | Reached * piety under Vehumet
  6997 | D:7      | Offered knowledge of Shock by Vehumet.
  7193 | D:7      | Found an ornate altar of the Wu Jian Council.
  7468 | D:8      | Found Iged's General Store.
  7486 | D:8      | Bought 2 potions of heal wounds for 100 gold pieces
  7486 | D:8      | Bought a scroll of identify for 20 gold pieces
  7669 | D:8      | Found a flagged portal.
  7678 | Bailey   | Entered a bailey
  8116 | D:8      | Reached ** piety under Vehumet
  8116 | D:8      | Offered knowledge of Sandblast by Vehumet.
  8291 | D:8      | Noticed a two-headed ogre
  8302 | D:8      | Killed a two-headed ogre
  8303 | D:8      | Reached skill level 10 in Spellcasting
  8505 | D:8      | Identified the +0 pair of boots "Uniyku" {Harm rPois}
  8592 | D:8      | Reached XP level 10. HP: 69/69 MP: 20/24
  9232 | D:8      | Noticed a tengu warrior
  9256 | D:8      | Killed a tengu warrior
  9445 | D:8      | Noticed a black mamba
  9452 | D:8      | Killed a black mamba
  9457 | D:8      | Noticed a gargoyle
  9464 | D:8      | Killed a gargoyle
  9688 | D:9      | Offered knowledge of Inner Flame by Vehumet.
  9703 | D:9      | Learned a level 8 spell: Ignition
  9768 | D:9      | Reached skill level 1 in Fire Magic
  9785 | D:9      | Reached skill level 2 in Fire Magic
  9973 | D:9      | Reached skill level 3 in Fire Magic
 10083 | D:9      | Reached skill level 4 in Fire Magic
 10109 | D:9      | Reached *** piety under Vehumet
 10119 | D:9      | Reached skill level 5 in Fire Magic
 10125 | D:9      | Reached XP level 11. HP: 65/74 MP: 5/25
 10330 | D:9      | Found a staircase to the Lair.
 10341 | D:9      | Noticed a boulder beetle
 10351 | D:9      | Killed a boulder beetle
 10352 | D:9      | Reached skill level 6 in Fire Magic
 10590 | D:9      | Offered knowledge of Brom's Barrelling Boulder by Vehumet.
 10603 | D:9      | Reached skill level 7 in Fire Magic
 10908 | D:9      | Reached skill level 8 in Fire Magic
 11152 | D:10     | Entered Level 10 of the Dungeon
 11335 | D:10     | Noticed a two-headed ogre
 11344 | D:10     | Killed a two-headed ogre
 11359 | D:10     | Reached skill level 9 in Fire Magic
 11363 | D:10     | Noticed a war gargoyle
 11552 | Gauntlet | Identified the of Uhiraqedgh
 11552 | Lair:1   | Entered Level 1 of the Lair of Beasts
 11723 | Lair:1   | Reached **** piety under Vehumet
 11910 | Lair:1   | Offered knowledge of Freezing Cloud by Vehumet.
 11920 | Lair:1   | Reached skill level 10 in Fire Magic
 12004 | Lair:1   | Learned a level 5 spell: Freezing Cloud
 12085 | Lair:1   | Reached skill level 11 in Fire Magic
 12304 | Lair:1   | Reached XP level 12. HP: 62/81 MP: 23/26
 12734 | Lair:1   | Noticed Sonja
 12740 | Lair:1   | Killed Sonja
 13010 | Lair:2   | Reached skill level 12 in Fire Magic
 13081 | Lair:2   | Noticed a death yak
 13106 | Lair:2   | Noticed Chipwarrior's ghost (journeyman DrAE)
 13121 | Lair:2   | Found a transporter.
 13154 | Lair:2   | Found a transporter.
 13309 | Lair:2   | You fall into a shaft and drop 2 floors!
 13329 | Lair:4   | Noticed a death yak
 13330 | Lair:4   | Noticed a death yak
 13332 | Lair:4   | Noticed a death yak
 13332 | Lair:4   | Noticed a death yak
 13334 | Lair:4   | Found a staircase to the Slime Pits.
 13339 | Lair:4   | HP: 4/81 [death yak (19)]
 13354 | Lair:3   | Noticed a death yak
 13354 | Lair:3   | Noticed a death yak
 13357 | Lair:3   | Reached skill level 13 in Fire Magic
 13357 | Lair:3   | HP: 3/81 [wolf (7)]
 13357 | Lair:3   | HP: 1/81 [wolf (2)]
 13766 | Lair:2   | Found a staircase to the Swamp.
 13766 | Lair:2   | Noticed a six-headed hydra
 13776 | Lair:2   | Killed a six-headed hydra
 14463 | Lair:2   | Reached skill level 14 in Fire Magic
 14792 | Lair:3   | Reached ***** piety under Vehumet
 14792 | Lair:3   | Offered knowledge of Orb of Destruction by Vehumet.
 14797 | Lair:3   | Noticed a death yak
 14833 | Lair:2   | Learned a level 7 spell: Orb of Destruction
 14938 | Lair:3   | Noticed a boulder beetle
 14942 | Lair:3   | Killed a boulder beetle
 15001 | Lair:3   | Killed a death yak
 15002 | Lair:3   | Reached skill level 15 in Fire Magic
 15006 | Lair:3   | Killed a death yak
 15007 | Lair:3   | Noticed a death yak
 15007 | Lair:3   | Noticed a death yak
 15160 | Lair:3   | Reached XP level 13. HP: 74/86 MP: 12/27
 15880 | Lair:3   | Found a hole to the Spider Nest.
 16022 | Lair:3   | Reached skill level 16 in Fire Magic
 16119 | Lair:3   | Found a sparkling altar of Nemelex Xobeh.
 16967 | Lair:4   | Reached skill level 17 in Fire Magic
 17183 | Lair:4   | Noticed Kirke
 17190 | Lair:4   | Killed Kirke
 17927 | Lair:5   | Entered Level 5 of the Lair of Beasts
 18071 | Lair:5   | Reached skill level 18 in Fire Magic
 18482 | Lair:5   | Gained mutation: Your tail ends in a venomous barb. [Green
                  | Draconian growth]
 18482 | Lair:5   | Reached XP level 14. HP: 72/93 MP: 28/28
 18593 | Lair:5   | Noticed Josephine
 18600 | Lair:5   | Killed Josephine
 19058 | Lair:5   | Found an opulent altar of Gozag.
 19162 | Lair:5   | Reached skill level 19 in Fire Magic
 19944 | Lair:5   | Found a burning altar of Makhleb.
 19947 | Lair:5   | Offered knowledge of Yara's Violent Unravelling by Vehumet.
 20702 | Lair:5   | Found a gateway to Hell.
 20702 | Lair:5   | Found the macabre finger necklace {Finger+ rN+}
 20891 | D:10     | Killed from afar by a war gargoyle

Illustrated notes

Levels and vault maps discovered:
D:1:      heliophobic_arrival_henge, layout_loops_corners
D:2:      layout_loops_ring, shapermc_ecumenical_altar_petra, basic_altar,
          uniq_crazy_yiuf_cottage, uniq_sigmund
D:3:      layout_basic, mainiacjoe_overflow_six_doors_small, uniq_robin
D:4:      layout_basic, minmay_temple_entry_junction, serial_shops,
          nicolae_shop_real_fake_doors, hangedman_abyss_or_decor_slice,
          corexii_item_surrounded_by_moat
D:5:      layout_rooms, nicolae_overflow_quartered_altars,
          mainiacjoe_overflow_cross_hatched, uniq_prince_ribbit1
D:6:      layout_loops_ring, riverfiend_overflow_shadow_ancestor, serial_shops,
          shop, kennysheep_flooded_box
D:7:      layout_rooms, pdpol_wu_jian_five_deadly_venoms, dk_xom_monty_hall,
          eino_tiny_chamber
D:8:      cheibrodos_elevator_heist, layout_basic, serial_shops,
          nicolae_shop_crystal, enter_bailey_8, fungi_pond_lemuel,
          chequers_mini_garden, serial_bayou_lagoon_a, hangedman_decor_lopped
D:9:      layout_loops_corners, hellmonk_lair_entry_icy
D:10:     minmay_roctagon, layout_layer_cave, hiddenorc1_lemuel, uniq_fannar,
          uniq_snorg
Temple:   nicolae_temple_godzebo
Lair:1:   layout_cave_pods, grunt_megastairs_2, lemuel_fruit_tree, uniq_sonja
Lair:2:   layout_roguey, minmay_swamp_entry_reptiles, nzn_ghost_randoct,
          nicolae_quartered_pool_super, serial_bayou_shore_b
Lair:3:   layout_regular_city, dummy_spider_entry, basic_altar
Lair:4:   layout_roguey, slime_entry_1, enter_volcano_1, grunt_megastairs_5,
          uniq_kirke
Lair:5:   evil_forest, layout_gridlike, basic_altar, grunt_megastairs_1,
          uniq_josephine

Skill      XL: |  1  2  3  4  5  6  7  8  9 10 11 12 13 14 |
---------------+-------------------------------------------+-----
Conjurations   | 5 6 7 8 10 12 | 12.8
Spellcasting   | 3 4 5 7 10 | 10.0
Fire Magic     | 5 11 15 18 19 | 19.7
Dodging        | |  1.7
Stealth        | |  1.7

Action                     |  1- 3 |  4- 6 |  7- 9 | 10-12 | 13-15 || total
---------------------------+-------+-------+-------+-------+-------++-------
  Melee: Short sword       |       |    63 |       |       |       ||    63
         Tailslap          |       |     6 |    12 |    54 |    19 ||    91
         Dagger            |       |    29 |    75 |   223 |    82 ||   409
         Punch             |       |       |       |     3 |     2 ||     5
  Throw: Dart              |       |       |       |     2 |       ||     2
   Cast: Magic Dart        |    11 |       |       |       |       ||    11
         Searing Ray       |    23 |    27 |    63 |    54 |     7 ||   174
         Sticky Flame      |       |       |       |    57 |    30 ||    87
         Iskenderun's Myst |       |       |       |    38 |    47 ||    85
         Orb of Destructio |       |       |       |     7 |    62 ||    69
         Freezing Cloud    |       |       |       |     2 |    11 ||    13
         Ignition          |       |       |       |       |     1 ||     1
Ability: Breathe Noxious F |       |       |     8 |    11 |       ||    19
  Evoke: Wand              |       |       |     6 |     6 |    15 ||    27
         Tin of tremorston |       |       |       |     4 |     3 ||     7
    Use: Scroll            |       |    12 |    11 |     4 |     3 ||    30
         Potion            |       |       |     2 |     4 |       ||     6
   Stab: Sleeping          |       |     2 |       |       |       ||     2
         Distracted        |       |     1 |       |       |       ||     1
         Confused          |       |       |     1 |       |       ||     1
         Invisible         |       |       |       |     6 |     4 ||    10
 Armour: Skin              |     2 |    58 |    76 |   256 |   120 ||   512
  Dodge: Dodged            |    10 |    58 |   118 |   357 |   136 ||   679

Table legend: (Time is in decaauts)
 A = Elapsed time spent in this place.
 B = Non-inter-level travel time spent in this place.
 C = Inter-level travel time spent in this place.
 D = Time resting spent in this place.
 E = Time spent auto-exploring this place.
 F = Levels seen in this place.
 G = Mean time per level.
                   A        B        C        D        E       F      G
               +--------+--------+--------+--------+--------+-----+--------+
         Total |  20919 |  20196 |    723 |   5672 |  10720 |  17 | 1230.5 |
       Dungeon |  11163 |  10742 |    421 |   2241 |   6404 |  10 | 1116.3 |
        Temple |      1 |      1 |      0 |      0 |      0 |   1 |    1.0 |
          Lair |   9349 |   9048 |    301 |   3408 |   4105 |   5 | 1869.8 |
        Bailey |    404 |    404 |      0 |     23 |    210 |   1 |  404.0 |
               +--------+--------+--------+--------+--------+-----+--------+

Top non-repeatable levels by time:
  Lair:5: 2535 daAuts
  Lair:2: 2172 daAuts
  Lair:3: 2001 daAuts
     D:2: 1752 daAuts
     D:9: 1694 daAuts
  Lair:1: 1477 daAuts
     D:8: 1464 daAuts
     D:1: 1397 daAuts
     D:6: 1189 daAuts
  Lair:4: 1163 daAuts
     D:5: 1026 daAuts
     D:7: 1021 daAuts
     D:3: 712 daAuts
     D:4: 671 daAuts
  Bailey: 404 daAuts
